 Dungeon Crawl Stone Soup version 0.26-a0-487-gbff1e92059 (webtiles) character file.

Game seed: 12018252548110398378

424 Infinimo the Conjurer (level 6, 0/32 HPs)
             Began as a Tengu Fire Elementalist on Aug 1, 2020.
             Slain by Duvessa
             ... wielding a +0 rapier
              (10 damage)
             ... on level 4 of the Dungeon.
             The game lasted 00:04:49 (5010 turns).

Infinimo the Conjurer (Tengu Fire Elementalist)     Turns: 5010, Time: 00:04:50

Health: 0/32       AC:  4    Str:  8    XL:     6   Next: 96%
Magic:  5/12       EV: 15    Int: 18    God:
Gold:   228        SH:  0    Dex: 14    Spells: 6/11 levels left

rFire    . . .     SeeInvis .   f - +1 dagger
rCold    . . .     Faith    .   (no shield)
rNeg     . . .     Spirit   .   o - +1 robe (curse)
rPois    .         Reflect  .   (helmet restricted)
rElec    .         Harm     .   (no cloak)
rCorr    .                      m - +0 pair of gloves
MR       .....                  (boots unavailable)
Stlth    ++........             (no amulet)
HPRegen  0.10/turn              (no ring)
MPRegen  0.13/turn              (no ring)

@: flying quickly and evasively, quick
A: beak, talons 3, able to fly
a: Stop Flying


You were on level 4 of the Dungeon.
You visited 1 branch of the dungeon, and saw 4 of its levels.

You collected 228 gold pieces.

Inventory:

Hand Weapons
 f - a +1 dagger (weapon)
Armour
 m - a +0 pair of gloves (worn)
 o - a cursed +1 robe (worn)
Scrolls
 b - 3 scrolls of remove curse
 d - 3 scrolls of identify
 h - 2 scrolls of enchant weapon
Potions
 a - a potion of berserk rage {unknown}
 c - 2 potions of ambrosia
 e - 2 potions of haste
 i - 2 potions of might
 l - a potion of brilliance
 n - a potion of cancellation


   Skills:
 - Level 2.1 Dodging
 - Level 2.0 Stealth
 + Level 3.3 Spellcasting
 * Level 5.8 Conjurations
 * Level 5.8 Fire Magic


You had 6 spell levels left.
You knew the following spells:

 Your Spells              Type           Power        Failure   Level
a - Foxfire               Conj/Fire      ###.         1%          1
b - Sticky Flame          Conj/Fire      ###.....     14%         4

Your spell library contained the following spells:

 Spells                   Type           Power        Failure   Level
 Magic Dart               Conj           ###.         1%          1
 Searing Ray              Conj           ###...       2%          2
 Conjure Flame            Conj/Fire      ###.....     4%          3
 Dazzling Flash           Conj/Hex       ##....       14%         3
 Inner Flame              Hex/Fire       ##......     14%         3
 Fireball                 Conj/Fire      ###.......   36%         5
 Fulminant Prism          Conj/Hex       ##........   43%         4
 Iskenderun's Mystic Bla  Conj/Tloc      ##......     43%         4


Dungeon Overview and Level Annotations

Branches:
Dungeon (4/15)
 Temple: D:4-7

Altars:
Ashenzari
Hepliaklqana
Okawaru

Annotations:
D:4 Dowan, Duvessa


Innate Abilities, Weirdness & Mutations

You have a beak for a mouth.
You have claws for feet.
You can fly continuously.


Message History

The foxfire hits the orc.
The orc is lightly wounded.
Casting: Foxfire (safe; 1% risk of failure)
Confirm with . or Enter, or press ? or * to list all spells.
You conjure some foxfire!
You feel sick.
The foxfire hits the orc.
The orc is moderately wounded.
The foxfire hits something.
The orc hits you.
There is an open door here.
You feel sick.
You feel sick.
You are no longer poisoned.
Dowan shouts!
You hear a shout!
An orc wizard appears from thin air!
Reactivating autopickup.
Dowan gestures at you while chanting. The puff of frost hits you!
Duvessa hits you with a +0 rapier!
You die...

#....# ##...##.#.#.###......<
#.##.# #...##.>......####.#.
#.##.# #....#...#.##..###+#.
#.##.# #...<....#.###.#.....
#.##.####....#...#.###.......
#...........e.........#......
#.##.######..#..#####.#.)....
#......<.....e..#####.#.##'##
#....######.@#.............<.
#....# ##.########[#..#h##
#....##### #o............#.##
#........# #o.#######.#...h..
###......# #....# #.#....##
#......# ##o#.# ##.#...h#
#......####.#.# #..#..#.##
#......'......####..#..#o..
#......####.##......#..#.##


You could see Duvessa, Dowan, an orc wizard and 2 orcs.

Vanquished Creatures
  Eustachio (D:4)
  2 scorpions
  An orc priest (D:4)
  3 gnolls (D:3)
  5 adders
  4 dart slugs
  4 leopard geckos
  6 orcs (D:4)
  A ball python (D:4)
  5 goblins
  6 hobgoblins
  5 jackals
  5 kobolds
  8 bats
  3 frilled lizards
  A leopard gecko skeleton (D:4)
  6 rats
66 creatures vanquished.

Vanquished Creatures (others)
  299 foxfires
299 creatures vanquished.

Grand Total: 365 creatures vanquished

Notes
Turn   | Place    | Note
-------+----------+-------------------------------------------
     0 | D:1      | Infinimo the Tengu Fire Elementalist began the quest for
                  | the Orb.
     0 | D:1      | Reached XP level 1. HP: 10/10 MP: 4/4
   395 | D:1      | Reached XP level 2. HP: 15/15 MP: 3/6
  1144 | D:2      | Reached XP level 3. HP: 19/19 MP: 1/7
  1502 | D:2      | Found a shattered altar of Ashenzari.
  1840 | D:2      | Reached XP level 4. HP: 24/24 MP: 5/8
  3651 | D:4      | Gained mutation: You can fly continuously. [Tengu growth]
  3651 | D:4      | Reached XP level 5. HP: 28/28 MP: 7/10
  3925 | D:3      | Reached skill level 5 in Fire Magic
  4152 | D:3      | Learned a level 4 spell: Sticky Flame
  4188 | D:4      | Noticed Eustachio
  4349 | D:4      | Killed Eustachio
  4349 | D:4      | Reached skill level 5 in Conjurations
  4349 | D:4      | Reached XP level 6. HP: 13/32 MP: 3/11
  4602 | D:4      | Found an iron altar of Okawaru.
  4602 | D:4      | Found a hazy altar of Hepliaklqana.
  4629 | D:4      | Noticed Duvessa
  4633 | D:4      | Noticed Dowan
  5010 | D:4      | Slain by Duvessa

Illustrated notes

Levels and vault maps discovered:
D:1:      tarquinn_simple_flora_water_a, layout_basic
D:2:      layout_basic, ashenzari_altar_1, uniq_crazy_yiuf_cottage
D:3:      layout_basic
D:4:      layout_basic, marbit_many_paths, lemuel_doored_altar,
          chequers_temple_overflow_statue_of_worship, minmay_temple_entry_waves,
          lightli_sewer_entry_pipes, minmay_close_crescents, uniq_robin,
          uniq_eustachio, uniq_duvessa, uniq_sigmund

Skill      XL: |  1  2  3  4  5 |
---------------+----------------+-----
Conjurations   | 2 3 5 |  5.8
Fire Magic     | 4 5 |  5.8
Spellcasting   | 3 |  3.3
Dodging        | |  2.1
Stealth        | |  2.0

Action                   |  1- 3 |  4- 6 || total
-------------------------+-------+-------++-------
Melee: Dagger            |       |     8 ||     8
       Peck              |       |     4 ||     4
       Kick              |       |     3 ||     3
 Cast: Foxfire           |    77 |   100 ||   177
       Sticky Flame      |       |     4 ||     4
 Abil: Fly               |       |     1 ||     1
  Use: Scroll            |     3 |     7 ||    10
       Potion            |       |     3 ||     3
Armor: Robe              |     1 |    13 ||    14
Dodge: Dodged            |     2 |    51 ||    53

Table legend: (Time is in decaauts)
 A = Elapsed time spent in this place.
 B = Non-inter-level travel time spent in this place.
 C = Inter-level travel time spent in this place.
 D = Time resting spent in this place.
 E = Time spent auto-exploring this place.
 F = Levels seen in this place.
 G = Mean time per level.
                   A        B        C        D        E       F      G
               +--------+--------+--------+--------+--------+-----+--------+
         Total |   4950 |   4792 |    158 |      0 |   4066 |   4 | 1237.5 |
       Dungeon |   4950 |   4792 |    158 |      0 |   4066 |   4 | 1237.5 |
               +--------+--------+--------+--------+--------+-----+--------+

Top non-repeatable levels by time:
     D:3: 1880 daAuts
     D:2: 1231 daAuts
     D:1: 1102 daAuts
     D:4: 736 daAuts
